 Dungeon Crawl Stone Soup version 0.26-a0-689-gc93c913f66 (webtiles) character file.

Game seed: 8989062512036110292

312 Peloso the Covered (level 6, -1/58 HPs)
             Began as a Minotaur Fighter on Oct 23, 2020.
             Slain by Menkaure (15 damage)
             ... on level 4 of the Dungeon.
             The game lasted 00:07:12 (3426 turns).

Peloso the Covered (Minotaur Fighter)               Turns: 3426, Time: 00:07:12

Health: -1/58      AC: 11    Str: 20 (21) XL:     6   Next: 18%
Magic:  4/5        EV:  6    Int: 11      God:
Gold:   169        SH: 10    Dex: 11      Spells: 5/5 levels left

rFire    . . .     SeeInvis .   a - +0 long sword
rCold    . . .     Faith    .   c - +0 kite shield
rNeg     . . .     Spirit   .   l - +0 chain mail
rPois    .         Reflect  .   (helmet restricted)
rElec    .         Harm     .   i - scarf {shadows}
rCorr    .         Rampage  .   (no gloves)
MR       .....                  (no boots)
Stlth    ..........             (no amulet)
HPRegen  0.19/turn              g - +6 ring of intelligence
MPRegen  0.09/turn              (no ring)

@: brilliant
A: retaliatory headbutt, horns 2, slimy green scales 1, deterioration 2, robust
1
a: no special abilities


You were on level 4 of the Dungeon.
You visited 1 branch of the dungeon, and saw 4 of its levels.

You collected 169 gold pieces.

Inventory:

Hand Weapons
 a - a +0 long sword (weapon)
Armour
 b - a +0 scale mail
 c - a +0 kite shield (worn)
 i - a scarf of shadows (worn)
 l - a +0 chain mail (worn)
Jewellery
 g - a +6 ring of intelligence (left hand)
 p - an uncursed ring of ice {unknown}
Scrolls
 e - 4 scrolls of enchant armour {unknown}
 f - 3 scrolls of fear {unknown}
 j - a scroll of amnesia {unknown}
 m - a scroll of magic mapping {unknown}
 n - a scroll of noise {unknown}
 o - a scroll of enchant weapon {unknown}
 r - a scroll of fog {unknown}
 s - a scroll of identify {unknown}
 t - a scroll of remove curse {unknown}
Potions
 d - a potion of might
 h - a potion of heal wounds
 k - a potion of brilliance
 u - a potion of resistance {unknown}


   Skills:
 + Level 4.5 Fighting
 + Level 4.5 Long Blades
 + Level 5.3 Armour
 + Level 1.0 Dodging
 + Level 0.3 Stealth
 + Level 5.3 Shields


You had 5 spell levels left.
You didn't know any spells.
Your spell library was empty.

Dungeon Overview and Level Annotations

Branches:
Dungeon (4/15)
 Temple: D:4-7

Altars:
Kikubaaqudgha
The Shining One

Annotations:
D:3 1 runed translucent door, Gargoyl's ghost, amateur GnAK
D:4 Menkaure


Innate Abilities, Weirdness & Mutations

You reflexively headbutt those who attack you in melee.
You have a pair of horns on your head.
You are partially covered in slimy green scales. (AC +2)
Your body often deteriorates upon taking damage.
You are robust. (+10% HP)


Message History

The orc convulses! x2; Your body is wracked with pain!
Your body deteriorates!
You feel weakened.
The orc convulses!
The worker ant convulses!
The orc wizard convulses!
The adder convulses!
The orc hits you with a +0 hand axe.
The orc wizard hits you but does no damage.
You block the orc's attack. You block the worker ant's attack.
Menkaure calls on the powers of darkness!
The orc convulses!
The adder convulses!
The orc convulses!
Your body is wracked with pain!
* * * LOW HITPOINT WARNING * * *
The orc convulses!
The worker ant convulses!
The orc wizard convulses!
You hit the orc.
The orc is almost dead.
The worker ant bites you but does no damage.
The orc wizard barely misses you. You furiously retaliate!
You headbutt the orc wizard, but do no damage.
You riposte.
You hit the orc wizard. You headbutt the orc wizard.
You kill the orc wizard!
The orc closely misses you. Menkaure hits you!
You die...

#... .... ?...#
...##)
.....###.......
.....?#........
.................
.....Bo...........
....oS@..<........
.....Mo....#....#
...?.......#...#
###.###........##
#...##.........##.
...
....###.......# ..
..#...###.......
......#.#.........
....#.............


You could see Menkaure (fast), a worker ant, an adder and 3 orcs.

Vanquished Creatures
  An ice beast (D:3)
  An orc wizard (D:4)
  Terence (D:2)
  4 gnolls
  7 adders
  3 oozes (D:2)
  A worm (D:3)
  2 dart slugs
  3 leopard geckos
  5 giant cockroaches
  4 goblins
  5 hobgoblins
  4 jackals (D:3)
  9 kobolds
  A quokka (D:3)
  A ball python (D:1)
  10 bats
  2 frilled lizards
  4 rats
68 creatures vanquished.

Vanquished Creatures (others)
  A human (D:3)
  4 plants (D:1)
5 creatures vanquished.

Grand Total: 73 creatures vanquished

Notes
Turn   | Place    | Note
-------+----------+-------------------------------------------
     0 | D:1      | Peloso the Minotaur Fighter began the quest for the Orb.
     0 | D:1      | Reached XP level 1. HP: 19/19 MP: 0/0
   275 | D:1      | Reached XP level 2. HP: 27/27 MP: 1/1
  1166 | D:2      | Reached XP level 3. HP: 33/33 MP: 2/2
  1287 | D:2      | Noticed Terence
  1295 | D:2      | Killed Terence
  1582 | D:2      | Reached XP level 4. HP: 39/40 MP: 3/3
  1649 | D:2      | Found a glowing golden altar of the Shining One.
  2117 | D:3      | Noticed Gargoyl's ghost (amateur GnAK)
  2120 | D:3      | Found a runed translucent door.
  2134 | D:3      | Found an ancient bone altar of Kikubaaqudgha.
  2135 | D:3      | Noticed a human
  2138 | D:3      | Killed a human
  2263 | D:3      | Noticed an ice beast
  2276 | D:3      | Killed an ice beast
  2276 | D:3      | Reached skill level 5 in Armour
  2276 | D:3      | Reached skill level 1 in Dodging
  2276 | D:3      | Reached skill level 5 in Shields
  2276 | D:3      | Reached XP level 5. HP: 14/47 MP: 4/4
  2952 | D:2      | Reached XP level 6. HP: 49/53 MP: 5/5
  3418 | D:4      | Gained mutation: Your body sometimes deteriorates upon
                  | taking damage. [potion of mutation]
  3418 | D:4      | Gained mutation: You are dopey. (Int -2) [potion of
                  | mutation]
  3418 | D:4      | Gained mutation: Your magical capacity is low. (-10% MP)
                  | [potion of mutation]
  3418 | D:4      | Gained mutation: You are partially covered in slimy green
                  | scales. (AC +2) [potion of mutation]
  3419 | D:4      | Lost mutation: You are dopey. (Int -2) [potion of mutation]
  3419 | D:4      | Lost mutation: Your magical capacity is low. (-10% MP)
                  | [potion of mutation]
  3419 | D:4      | Gained mutation: Your body often deteriorates upon taking
                  | damage. [potion of mutation]
  3419 | D:4      | Gained mutation: You are robust. (+10% HP) [potion of
                  | mutation]
  3421 | D:4      | Noticed Menkaure
  3426 | D:4      | Slain by Menkaure

Illustrated notes

Levels and vault maps discovered:
D:1:      dpeg_arrival_long_road, layout_basic, serial_co_window_serial,
          co_window_cross_1, co_window_corner_a, co_window_cross_1,
          co_window_paths_a, co_window_cross_1, co_window_paths_c,
          co_window_of_opportunity_b, co_window_of_opportunity_b,
          serial_bayou_lagoon_a, chequers_garden, minmay_box_of_dots
D:2:      layout_basic, tso_altar, uniq_terence
D:3:      layout_loops_ring, hellmonk_ghost_happy_afterlife, tgw_kikubaaqudgha
D:4:      layout_cave_pools, tgw_xom, serial_shops, shop,
          grunt_qazlal_sundering, uniq_edmund, uniq_menkaure, uniq_blork_the_orc

Skill      XL: |  1  2  3  4 |
---------------+-------------+-----
Shields        | 4 5 |  5.3
Armour         | 4 5 |  5.3
Fighting       | 4 |  4.5
Long Blades    | 3 4 |  4.5
Dodging        | 1 |  1.0
Stealth        | |  0.3

Action                   |  1- 3 |  4- 6 || total
-------------------------+-------+-------++-------
Melee: Long sword        |    89 |    99 ||   188
       Headbutt          |     8 |    14 ||    22
  Use: Potion            |     1 |     3 ||     4
Armor: Scale mail        |    16 |       ||    16
       Chain mail        |    23 |    62 ||    85
Dodge: Dodged            |    27 |    31 ||    58
Block: Kite shield       |    61 |    71 ||   132
       Rpst.: Long sword |     8 |    13 ||    21

Table legend: (Time is in decaauts)
 A = Elapsed time spent in this place.
 B = Non-inter-level travel time spent in this place.
 C = Inter-level travel time spent in this place.
 D = Time resting spent in this place.
 E = Time spent auto-exploring this place.
 F = Levels seen in this place.
 G = Mean time per level.
                   A        B        C        D        E       F      G
               +--------+--------+--------+--------+--------+-----+--------+
         Total |   3494 |   3446 |     48 |    209 |   2525 |   4 |  873.5 |
       Dungeon |   3494 |   3446 |     48 |    209 |   2525 |   4 |  873.5 |
               +--------+--------+--------+--------+--------+-----+--------+

Top non-repeatable levels by time:
     D:2: 1207 daAuts
     D:1: 1179 daAuts
     D:3: 1082 daAuts
     D:4: 25 daAuts
